[Event "8th Montevideo Open 2025"]
[Site "Montevideo"]
[Date "2025.02.01"]
[Round "1.14"]
[White "Silva, Juliana Figueira The"]
[Black "Brizzi, Milagros Tatiana"]
[Result "0-1"]
[Annotator "TA"]
[ECO "A86"]
[WhiteElo "1807"]
[BlackElo "2150"]
[PlyCount "90"]
[EventDate "2025.02.01"]
[EventType "swiss"]
[EventCountry "URU"]
[SourceTitle "playchess.com"]
[Source "ChessBase"]
[SourceQuality "1"]
[TimeControl "5400+30"]

1. d4 f5 2. g3 Nf6 3. Bg2 g6 4. c4 Bg7 5. Nh3 d6 6. d5 Nbd7 {[%emt 0:04:18] A86: Dutch Defence: Leningrad System: Unusual lines and 5 Nh3.} 7. O-O O-O 8. Qc2 Nb6 $146 {[%emt 0:04:13] The position is equal.} (8... Ne5 9. b3 c5 10. dxc6 Nxc6 11. Bb2 Qb6 12. Nc3 e5 13. Rad1 Nd4 14. Qd3 Ng4 {1-0 Kabatianski,A (2439)-Auer,M (2311) NRW Class1 1011 2010 (4.2)}) 9. Nd2 Qe8 10. Rb1 e5 11. dxe6 c6 12. Re1 Bxe6 13. b3 d5 14. Ba3 Rf7 15. Ng5 Rd7 16. Nxe6 Qxe6 17. cxd5 ({White should play} 17. c5 $14) 17... cxd5 18. Bb2 {[%emt 0:02:30] This pair of bishops is nice.} Rc8 19. Qd3 Ne4 20. Bxg7 Kxg7 21. Nf3 Qf6 22. Rbc1 Rdc7 23. Rxc7+ Rxc7 24. Qd4 Rc2 25. a4 Nd2 26. Qxf6+ (26. Qb4 $16 a5 27. Qb5 (27. Qxa5 Nxb3 28. Qb5 Nc5 $14)) 26... Kxf6 $11 27. Nd4 Rb2 28. a5 Nd7 29. Bxd5 $2 {[%emt 0:00:00] [#] White is on the road to losing.} (29. f4 $11 {and White is okay.}) 29... Ke5 $1 $19 30. Nf3+ $2 (30. Bc6 bxc6 31. Nxc6+ Ke6 32. Nxa7) 30... Kxd5 31. Rd1 Rb1 32. e4+ (32. Rxb1 $142 Nxb1 33. h3) 32... fxe4 (32... Kxe4 $2 {is the wrong capture.} 33. Nxd2+ Kd5 34. Nxb1+ $18 (34. Rxb1 Ne5 $18)) 33. Rxb1 Nxb1 34. Ng5 Nf6 35. Kf1 Nd2+ 36. Ke2 Nxb3 37. a6 b5 38. Nh3 Nc5 {[%emt 0:00:00][%cal Ob5b4] [#]} 39. Nf4+ Ke5 40. h3 Nxa6 41. Kd2 Nc5 {[%emt 0:00:12] Threatens to win with ...b4.} 42. Kc3 Nd5+ {[%emt 0:00:19] Black mates.} 43. Nxd5 Kxd5 44. Kb4 Nd3+ 45. Kxb5 Nxf2 {[%emt 0:00:30] Weighted Error Value: White=0.64/Black=0.14 (very precise)   Loses game:     	White=1     	---        Mistake:       	White=4     	Black=1      Inaccurate:     	White=2     	Black=3      OK:         	White=12    	Black=10     Best:        	White=1     	Black=5} 0-1

[Event "8th Montevideo Open 2025"]
[Site "Montevideo"]
[Date "2025.02.01"]
[Round "1.15"]
[White "Bauza, Alejandro"]
[Black "Pascualvaca, Federico"]
[Result "1-0"]
[Annotator "NA RC"]
[ECO "A14"]
[WhiteElo "2116"]
[BlackElo "1794"]
[PlyCount "57"]
[EventDate "2025.02.01"]
[EventType "swiss"]
[EventCountry "URU"]
[SourceTitle "playchess.com"]
[Source "ChessBase"]
[SourceQuality "1"]
[TimeControl "5400+30"]

1. Nf3 Nf6 2. g3 e6 3. c4 b6 4. Bg2 Bb7 5. O-O Be7 6. b3 O-O 7. Bb2 c5 8. e3 d5 9. Qe2 Nc6 10. d3 Qc7 11. Nc3 a6 12. cxd5 exd5 13. d4 b5 14. dxc5 Bxc5 15. Rac1 Qe7 16. Nh4 Rfd8 17. Rfd1 g6 18. Nxd5 Nxd5 19. Rxd5 Rxd5 20. Bxd5 Nd8 21. Qf3 Bd6 22. Bf6 Bxd5 23. Qxd5 Qxf6 24. Qxa8 Be7 25. Nf3 Kg7 26. Nd4 h5 27. h4 g5 28. hxg5 Qxg5 29. Qe4 1-0

[Event "8th Montevideo Open 2025"]
[Site "Montevideo"]
[Date "2025.02.01"]
[Round "1.16"]
[White "Fabra, Nahiara"]
[Black "Curi, Gabriel"]
[Result "0-1"]
[Annotator "NA RC"]
[ECO "C02"]
[WhiteElo "1792"]
[BlackElo "2115"]
[PlyCount "80"]
[EventDate "2025.02.01"]
[EventType "swiss"]
[EventCountry "URU"]
[SourceTitle "playchess.com"]
[Source "ChessBase"]
[SourceQuality "1"]
[TimeControl "5400+30"]

1. e4 e6 2. d4 d5 3. e5 c5 4. c3 Nc6 5. Nf3 Bd7 6. Bd3 Rc8 7. O-O cxd4 8. a3 Qb6 9. Re1 Nge7 10. h4 h6 11. b4 dxc3 12. Nxc3 Nd4 13. Nxd4 Qxd4 14. Nb5 Qxa1 15. Nd6+ Kd8 16. Nxf7+ Kc7 17. Nxh8 Kb8 18. Qd2 Qd4 19. g3 Nc6 20. Bb2 Qb6 21. Ng6 Ne7 22. Nxf8 Rxf8 23. Rc1 Bb5 24. Bxb5 Qxb5 25. Rc5 Qd7 26. Bd4 b6 27. Rc3 Rc8 28. Rxc8+ Qxc8 29. Kg2 Nf5 30. Be3 Qc4 31. Qc1 Qe4+ 32. Kh2 d4 33. Bf4 d3 34. Qc3 Nd4 35. Be3 Nf3+ 36. Kh3 g5 37. hxg5 hxg5 38. g4 Nxe5 39. f3 Qxf3+ 40. Kh2 Nxg4+ 0-1

[Event "8th Montevideo Open 2025"]
[Site "Montevideo"]
[Date "2025.02.01"]
[Round "1.17"]
[White "Carvalho, Guillermo"]
[Black "Sanguinetti, Eduardo"]
[Result "1-0"]
[Annotator "NA RC"]
[ECO "A16"]
[WhiteElo "2094"]
[BlackElo "1776"]
[PlyCount "101"]
[EventDate "2025.02.01"]
[EventType "swiss"]
[EventCountry "URU"]
[SourceTitle "playchess.com"]
[Source "ChessBase"]
[SourceQuality "1"]
[TimeControl "5400+30"]

1. c4 d5 2. e3 Nf6 3. Nc3 g6 4. Nf3 Bg7 5. cxd5 O-O 6. e4 c6 7. dxc6 Nxc6 8. Be2 Bg4 9. d3 a6 10. Be3 b5 11. a3 Rc8 12. d4 Bxf3 13. Bxf3 e5 14. d5 Nd4 15. O-O Rc4 16. Re1 Qd6 17. Bxd4 Rxd4 18. Qb3 Rc8 19. Rad1 Rdc4 20. Be2 R4c7 21. g3 Nd7 22. Bg4 Nc5 23. Qa2 Rf8 24. Qb1 Nb3 25. Qd3 Nd4 26. Ne2 Rc4 27. Nxd4 Rxd4 28. Qb3 Rc4 29. Bh3 f5 30. exf5 gxf5 31. Bf1 Rc5 32. a4 f4 33. axb5 fxg3 34. hxg3 axb5 35. Re2 Kh8 36. Bg2 Rfc8 37. Qe3 Bh6 38. Qxe5+ Qxe5 39. Rxe5 b4 40. Be4 Bg7 41. Re7 Bxb2 42. Rxh7+ Kg8 43. Rb7 Rc1 44. Rxc1 Rxc1+ 45. Kg2 Bc3 46. f4 Be1 47. d6 Rd1 48. d7 Kf8 49. Bf5 Ke7 50. Rb8 Rd5 51. Re8+ 1-0

[Event "8th Montevideo Open 2025"]
[Site "Montevideo"]
[Date "2025.02.01"]
[Round "1.18"]
[White "Rubinstein, Eloi"]
[Black "De Lima, Adriano Gaspar"]
[Result "0-1"]
[Annotator "NA RC"]
[ECO "B92"]
[WhiteElo "1762"]
[BlackElo "2073"]
[PlyCount "78"]
[EventDate "2025.02.01"]
[EventType "swiss"]
[EventCountry "URU"]
[SourceTitle "playchess.com"]
[Source "ChessBase"]
[SourceQuality "1"]
[TimeControl "5400+30"]

1. e4 c5 2. Nf3 d6 3. d4 cxd4 4. Nxd4 Nf6 5. Nc3 a6 6. Be2 e5 7. Nb3 Be6 8. Be3 d5 9. exd5 Nxd5 10. Nxd5 Bxd5 11. O-O Nc6 12. Re1 Be7 13. Nc5 Bxc5 14. Bxc5 f6 15. Bf3 Be6 16. c3 Kf7 17. Qc2 Qc7 18. Rad1 g6 19. Bd5 Bxd5 20. Rxd5 Rhd8 21. Rxd8 Nxd8 22. Qb3+ Ne6 23. Rd1 Re8 24. Be3 Kg7 25. Qa4 Rd8 26. Rxd8 Qxd8 27. g3 f5 28. h4 Qd6 29. f4 b5 30. fxe5 Qd3 31. Qxa6 Qxe3+ 32. Kh2 Qxe5 33. Qa7+ Kh6 34. Qf2 f4 35. g4 f3+ 36. Kh1 Qf4 37. g5+ Kh5 38. Kg1 Qg4+ 39. Kf1 Nf4 0-1

[Event "8th Montevideo Open 2025"]
[Site "Montevideo"]
[Date "2025.02.01"]
[Round "1.19"]
[White "Izquierdo, Daniel"]
[Black "Pelaez, Diego"]
[Result "1-0"]
[Annotator "NA RC"]
[ECO "D02"]
[WhiteElo "2069"]
[BlackElo "1761"]
[PlyCount "49"]
[EventDate "2025.02.01"]
[EventType "swiss"]
[EventCountry "URU"]
[SourceTitle "playchess.com"]
[Source "ChessBase"]
[SourceQuality "1"]
[TimeControl "5400+30"]

1. c4 Nf6 2. Nf3 e6 3. g3 d5 4. Bg2 Bd6 5. O-O O-O 6. d4 h6 7. Nc3 c6 8. Qd3 Nbd7 9. b3 Re8 10. Bb2 b6 11. Rad1 Bb7 12. e4 dxe4 13. Nxe4 Nxe4 14. Qxe4 Nf6 15. Qh4 Be7 16. Rfe1 Qc7 17. Ne5 Nh7 18. Qf4 Nf6 19. Nxc6 Bd6 20. Qf3 Rac8 21. d5 e5 22. Nxa7 Bxd5 23. Rxd5 e4 24. Qd1 Nxd5 25. Nb5 1-0

[Event "8th Montevideo Open 2025"]
[Site "Montevideo"]
[Date "2025.02.01"]
[Round "1.20"]
[White "Sei Fong, Ken"]
[Black "Meza, Anahi"]
[Result "0-1"]
[Annotator "NA RC"]
[ECO "B20"]
[WhiteElo "1739"]
[BlackElo "2038"]
[PlyCount "80"]
[EventDate "2025.02.01"]
[EventType "swiss"]
[EventCountry "URU"]
[SourceTitle "playchess.com"]
[Source "ChessBase"]
[SourceQuality "1"]
[TimeControl "5400+30"]

1. e4 c5 2. Bc4 e6 3. Nc3 Nc6 4. Nf3 a6 5. a4 Nf6 6. d4 d5 7. exd5 exd5 8. Be2 c4 9. O-O Be7 10. Ne5 O-O 11. Be3 Ne8 12. Nb1 f6 13. Nxc6 bxc6 14. b3 cxb3 15. cxb3 a5 16. Qc2 Ba6 17. Nc3 Qd7 18. Rfd1 Nd6 19. Bf4 Bxe2 20. Qxe2 Rfe8 21. Rd3 Bf8 22. Qc2 Ne4 23. Ne2 Rac8 24. f3 Nd6 25. Ng3 Nf5 26. Nh5 Qe6 27. Bd2 Bd6 28. Bxa5 Nxd4 29. Qd1 Ne2+ 30. Kh1 Qe5 31. Ng3 Nxg3+ 32. hxg3 Qxg3 33. f4 Qh4+ 34. Rh3 Qxf4 35. Qh5 h6 36. Rd1 Re5 37. Qg6 Rg5 38. Qc2 Rg3 39. Rh2 Rc3 40. g3 Qf3+ 0-1

[Event "8th Montevideo Open 2025"]
[Site "Montevideo"]
[Date "2025.02.01"]
[Round "1.21"]
[White "Saralegui, Mario"]
[Black "Ferrari, Carlos"]
[Result "1-0"]
[Annotator "NA RC"]
[ECO "D46"]
[WhiteElo "2034"]
[BlackElo "1735"]
[PlyCount "77"]
[EventDate "2025.02.01"]
[EventType "swiss"]
[EventCountry "URU"]
[SourceTitle "playchess.com"]
[Source "ChessBase"]
[SourceQuality "1"]
[TimeControl "5400+30"]

1. d4 d5 2. c4 e6 3. Nc3 c6 4. e3 Nf6 5. Nf3 Be7 6. Bd3 Nbd7 7. O-O O-O 8. Qc2 h6 9. e4 dxe4 10. Nxe4 Nxe4 11. Bxe4 Nf6 12. Bd3 Bd6 13. h3 Qc7 14. Re1 Bd7 15. b3 Rac8 16. Bb2 Rfe8 17. Rad1 b6 18. Ne5 Qd8 19. Qe2 Rc7 20. Bb1 Bc8 21. Qc2 g6 22. Bc1 Bf8 23. Bf4 Bb7 24. c5 Rce7 25. cxb6 Qxb6 26. Nxg6 fxg6 27. Qxg6+ Rg7 28. Qxf6 c5 29. g3 Bf3 30. Rc1 Bd5 31. Bxh6 Ree7 32. Bxg7 Rxg7 33. Be4 Be7 34. Qf3 Rf7 35. Qg4+ Rg7 36. Qh5 Bxe4 37. Rxe4 cxd4 38. Rc8+ Bf8 39. Rf4 1-0

[Event "8th Montevideo Open 2025"]
[Site "Montevideo"]
[Date "2025.02.01"]
[Round "1.22"]
[White "Decuadro, German"]
[Black "Manteiga, Franco"]
[Result "0-1"]
[Annotator "NA RC"]
[ECO "B25"]
[WhiteElo "1731"]
[BlackElo "2029"]
[PlyCount "58"]
[EventDate "2025.02.01"]
[EventType "swiss"]
[EventCountry "URU"]
[SourceTitle "playchess.com"]
[Source "ChessBase"]
[SourceQuality "1"]
[TimeControl "5400+30"]

1. e4 c5 2. Nc3 Nc6 3. d3 e5 4. g3 g6 5. Bg2 Bg7 6. Nge2 Nge7 7. Be3 d6 8. O-O O-O 9. Qd2 Rb8 10. a4 Nd4 11. f4 a6 12. Nd1 Be6 13. Nc1 Qd7 14. c3 Ndc6 15. Nf2 b5 16. axb5 axb5 17. h3 b4 18. g4 f5 19. gxf5 gxf5 20. fxe5 Nxe5 21. Bh6 N7g6 22. Bxg7 Qxg7 23. d4 Nh4 24. Ng4 fxg4 25. dxe5 gxh3 26. Ra7 Rxf1+ 27. Kxf1 hxg2+ 28. Ke2 Bc4+ 29. Nd3 Qg4+ 0-1

[Event "8th Montevideo Open 2025"]
[Site "Montevideo"]
[Date "2025.02.01"]
[Round "1.23"]
[White "Guerrero, Alvaro"]
[Black "Nakle, Gonzalo"]
[Result "1-0"]
[Annotator "NA RC"]
[ECO "B30"]
[WhiteElo "2028"]
[BlackElo "1726"]
[PlyCount "51"]
[EventDate "2025.02.01"]
[EventType "swiss"]
[EventCountry "URU"]
[SourceTitle "playchess.com"]
[Source "ChessBase"]
[SourceQuality "1"]
[TimeControl "5400+30"]

1. e4 c5 2. d3 Nc6 3. Nf3 g6 4. g3 Bg7 5. Bg2 Nh6 6. h4 d6 7. c3 Bg4 8. Nbd2 Qc7 9. a4 O-O 10. O-O a6 11. Nc4 b5 12. Ne3 f5 13. axb5 Ne5 14. Nxg4 Nhxg4 15. Nxe5 Nxe5 16. exf5 Rxf5 17. Bxa8 e6 18. Be4 Rf8 19. bxa6 d5 20. Bg2 Qa7 21. Qe2 h5 22. Bf4 Ng4 23. Qxe6+ Kh7 24. Bxd5 Bf6 25. Ra4 Qg7 26. a7 1-0

[Event "8th Montevideo Open 2025"]
[Site "Montevideo"]
[Date "2025.02.01"]
[Round "1.24"]
[White "Comas, Martin"]
[Black "Pichuaga, Juan Pablo"]
[Result "1/2-1/2"]
[Annotator "NA RC"]
[ECO "C00"]
[WhiteElo "1716"]
[BlackElo "1973"]
[PlyCount "43"]
[EventDate "2025.02.01"]
[EventType "swiss"]
[EventCountry "URU"]
[SourceTitle "playchess.com"]
[Source "ChessBase"]
[SourceQuality "1"]
[TimeControl "5400+30"]

1. e4 e6 2. b3 d5 3. Bb2 dxe4 4. Nc3 Nf6 5. Qe2 Be7 6. Nxe4 Nxe4 7. Qxe4 Bf6 8. d4 c5 9. O-O-O Qa5 10. Kb1 Bxd4 11. Bxd4 cxd4 12. Qxd4 O-O 13. Bd3 Nd7 14. Nf3 Qc5 15. Qh4 h6 16. Rhe1 Re8 17. Re4 Qe7 18. Bb5 a6 19. Bxd7 Bxd7 20. Qxe7 Rxe7 21. Ne5 Be8 22. f3 1/2-1/2

[Event "8th Montevideo Open 2025"]
[Site "Montevideo"]
[Date "2025.02.01"]
[Round "2.1"]
[White "Saralegui, Mario"]
[Black "Shoker, Samy"]
[Result "0-1"]
[Annotator "TA"]
[ECO "A61"]
[WhiteElo "2034"]
[BlackElo "2446"]
[PlyCount "110"]
[EventDate "2025.02.01"]
[EventType "swiss"]
[EventCountry "URU"]
[SourceTitle "playchess.com"]
[Source "ChessBase"]
[SourceQuality "1"]
[TimeControl "5400+30"]

1. d4 Nf6 2. c4 c5 3. d5 e6 4. Nc3 exd5 5. cxd5 g6 6. Nf3 d6 7. h3 Bg7 8. Bf4 O-O 9. e3 a6 {[%emt 0:00:04] 9...Ne8 is setting a new trend.} 10. a4 Qe7 {[%emt 0:00:33] A61: Modern Benoni: Nf3 without early e4.} 11. Bd3 Nbd7 12. O-O Nh5 {[%emt 0:04:13] White is slightly better.} 13. Bh2 f5 {[%emt 0:00:53] was the old line (13...Ne5).} 14. Re1 Rb8 15. Qc2 $146 (15. Nd2 Ne5 16. Be2 Nf6 17. Kh1 g5 18. f4 Nf7 19. fxg5 Nxg5 20. Bd3 Nd7 21. Nc4 {1-0 Sonis,F (2547)-Lodici,L (2536) ITA-ch 81st Cagliari 2022 (7)}) 15... b6 16. Rad1 Bb7 17. Bf1 Kh8 18. Nd2 Be5 19. Bxe5+ dxe5 (19... Nxe5 $14 20. f4 Nf7) 20. Nc4 (20. e4 $16) 20... e4 $14 21. Qd2 Nhf6 22. b3 h5 23. d6 Qg7 24. Ne2 (24. Rb1 $14) 24... g5 (24... Bd5 $11) 25. Qb2 (25. Ng3 Qg6 $11) (25. h4 $14) 25... Nd5 26. Qxg7+ Kxg7 27. Rc1 (27. h4 $1 $11) 27... Rf6 (27... h4 $15) 28. Red1 $11 Rd8 (28... b5 {with more complications.} 29. axb5 axb5 30. Ng3 bxc4 31. Nxh5+ Kg6) 29. Nc3 Nb4 30. Be2 h4 31. Rd2 Re6 32. Rcd1 Kf6 33. Kf1 Bc6 34. Kg1 Ree8 35. Kf1 Rg8 36. Na2 (36. Kg1 $11) 36... Nxa2 $15 37. Rxa2 g4 38. Na3 (38. hxg4 $1 $11 fxg4 39. Nd2) 38... gxh3 39. gxh3 Ra8 (39... a5 $17) 40. Raa1 (40. Nb1 $11 {remains equal.}) 40... Rg6 $17 41. Bc4 ({White should try} 41. Rac1 $1 $15) 41... Ne5 42. Ke2 Bd7 43. Bd5 Rb8 44. Nc4 Nd3 45. Rg1 {[%emt 0:01:04] Wards off Rg2} Rxg1 {[%emt 0:00:10][%csl Od3] Strong Square Black (d3)} 46. Rxg1 b5 47. axb5 axb5 48. Na5 (48. Nd2 $17) 48... Nb4 (48... Rb6 $19 49. f3 exf3+ (49... Rxd6 50. fxe4 fxe4 51. Bxe4 $15) 50. Bxf3 (50. Kxd3 $2 Rxd6 51. e4 fxe4+ 52. Kxe4 Rxd5 $19) 50... Ne5 (50... Rxd6 $2 51. Nb7 $18)) 49. Bb7 Be6 50. Rd1 Rd8 $1 51. f4 (51. f3 $17) 51... Nd3 (51... Bd7 $19 {...Rg8 would now be deadly.} 52. Rc1 Rg8 53. Rxc5 Ke6 54. Re5+ Kxd6 55. Bxe4 fxe4 56. Rxe4 Na2 (56... Rg2+ $2 57. Kf1 $19)) 52. Bc6 Rb8 53. Nb7 $2 {[%emt 0:01:18][%mdl 8192] [#]} (53. d7 $11 c4 (53... Ke7 54. Rg1 $14) 54. bxc4 (54. Nb7 Bxd7 55. Bxd7 Rxb7 $19) 54... bxc4 55. Rb1 (55. Nb7 $2 Bxd7 56. Bxd7 Rxb7 $19)) 53... Bxb3 $2 (53... c4 $1 $19 {[%cal Rc4c3] and Black stays clearly on top.} 54. bxc4 (54. d7 Bxd7 55. Bxd7 c3 $19) 54... bxc4) 54. d7 {[%emt 0:00:30] and Rg1 should not be overlooked} Bxd1+ 55. Kxd1 {[#]} Ke7 {Weighted Error Value: White=0.36/Black=0.30  Loses game:     	White=1     	---        Missed win:     	---       	Black=1      Mistake:       	White=10    	Black=7      Inaccurate:     	White=6     	Black=9      OK:         	White=9     	Black=16     Best:        	White=5     	Black=3} ({Stronger than} 55... Nf2+ 56. Ke2 Nxh3 57. Bxb5 $14 (57. d8=Q+ Rxd8 58. Nxd8 c4 $11)) (55... b4 $1 $17 56. d8=Q+ Rxd8 57. Nxd8 b3) 0-1

[Event "8th Montevideo Open 2025"]
[Site "Montevideo"]
[Date "2025.02.01"]
[Round "2.2"]
[White "Coro, Lucas"]
[Black "Guerrero, Alvaro"]
[Result "1-0"]
[Annotator "TA"]
[ECO "B06"]
[WhiteElo "2415"]
[BlackElo "2028"]
[PlyCount "113"]
[EventDate "2025.02.01"]
[EventType "swiss"]
[EventCountry "URU"]
[SourceTitle "playchess.com"]
[Source "ChessBase"]
[SourceQuality "1"]
[TimeControl "5400+30"]

1. Nf3 g6 2. d4 Bg7 3. e4 d6 4. Bd3 Nd7 5. O-O e5 6. c3 {[%emt 0:01:04] B06: Modern Defence.} Nh6 7. Nbd2 f6 $146 (7... O-O 8. Re1 f6 9. Nf1 Re8 10. h4 Nf8 11. h5 Be6 12. Ng3 Qd7 13. Bd2 exd4 14. cxd4 {1-0 Svetushkin,D (2568)-Bricard,E (2484) FRA-chT Top 16 Gp Haute 2008 (10)}) 8. Bc4 {[%emt 0:04:31] White is better.} Qe7 9. Re1 Nb6 10. Bb3 Nf7 11. a4 a5 12. Nf1 O-O 13. Be3 c5 14. N1d2 Kh8 15. dxc5 dxc5 16. Bxf7 (16. Nc4 $14 Nxc4 17. Bxc4) 16... Rxf7 $11 17. Qb3 Nd7 (17... Qe6 $1 $11) 18. Nc4 $36 {[%emt 0:00:15][%mdl 2048] White is pushing. White stays focused until the end.} Ra6 {[%emt 0:06:44] Against Nd6} 19. Rad1 {[%emt 0:03:23][%cal Oc4d6] White has more active pieces.} Rf8 (19... Qe6 $16) 20. Qb5 b6 (20... Qe6 21. Rd5 (21. Bxc5 $2 Nxc5 22. Ncxe5 fxe5 $19) (21. Nxa5 Re8 $18) 21... Rf7 22. Nxa5 (22. Bxc5 Nxc5 23. Qxc5 Kg8 $16) 22... Bf8) 21. Nd6 {[%emt 0:08:45] [#]} Ra7 22. Nxc8 Rxc8 {[%emt 0:00:06] Black is weak on the light squares} 23. Rd5 Rcc7 24. Red1 Bf8 25. Nd2 Qe6 26. Qd3 Be7 27. Nc4 Nf8 28. Qc2 Kg7 29. h3 Nd7 (29... Rcb7 $16 30. Qd2 Kg8) 30. Na3 Rab7 31. Nb5 Rc6 32. Qd2 Nf8 33. Bh6+ Kf7 34. Qe2 c4 (34... Nd7 $142 35. c4 Nf8) 35. Bxf8 Kxf8 36. R1d2 Kg7 {[%emt 0:05:57] [#]} (36... Rc5 {might work better.} 37. Qd1 Rxd5 38. exd5 Qd7) 37. Qd1 $1 $18 Kf8 38. Rd7 Rxd7 39. Rxd7 Ke8 $2 (39... Rc8 {is more resistant.} 40. Qd2 g5) 40. Nc7+ Rxc7 41. Rxc7 {[%emt 0:00:05][%mdl 4096] Endgame KQR-KQB} h5 42. Rb7 h4 43. Kf1 Qc6 44. Qd5 Qxd5 45. exd5 {[%emt 0:00:07] KR-KB} Bc5 46. Rh7 g5 47. Ke2 Be7 48. Kf3 f5 49. Rh6 e4+ 50. Ke2 Bd8 51. Rc6 Kd7 52. Rxc4 Kd6 53. b3 Ke5 54. Rc8 Bf6 55. Rc6 {[%emt 0:00:05] aiming for Re6+.} Bd8 56. Rc8 $2 (56. c4 $18) 56... Be7 $2 (56... Bf6 $11 57. Rf8 Be7) 57. Re8 {[%emt 0:21:38] Weighted Error Value: White=0.24 (precise) /Black=0.49  Mistake:       	White=1     	Black=7      Inaccurate:     	White=2     	Black=1      OK:         	White=17    	Black=11     Best:        	---       	Black=1} 1-0

[Event "8th Montevideo Open 2025"]
[Site "Montevideo"]
[Date "2025.02.01"]
[Round "2.3"]
[White "Manteiga, Franco"]
[Black "Villca, Julian"]
[Result "0-1"]
[Annotator "TA"]
[ECO "D36"]
[WhiteElo "2029"]
[BlackElo "2413"]
[PlyCount "108"]
[EventDate "2025.02.01"]
[EventType "swiss"]
[EventCountry "URU"]
[SourceTitle "playchess.com"]
[Source "ChessBase"]
[SourceQuality "1"]
[TimeControl "5400+30"]

1. d4 d5 2. c4 e6 3. Nc3 Nf6 4. cxd5 exd5 5. Bg5 Be7 6. e3 h6 7. Bh4 O-O 8. Bd3 c6 9. Qc2 Re8 10. Nf3 Nbd7 11. O-O Ne4 12. Bxe7 Qxe7 13. Rab1 a5 14. Rbe1 {[%emt 0:05:03] D36: Queen's Gambit Declined: Exchange Variation: Main line (5 Bg5 c6 6 Qc2).} h5 $146 (14... Nxc3 15. Qxc3 Nf6 16. Ne5 Ne4 17. Qc2 f6 18. Ng6 Qf7 19. Nf4 f5 20. Be2 Nf6 21. Nd3 Be6 {1-0 Khegay,D (2528)-Mamedjarova,T (2309) Titled Tuesday intern op 7th July blitz 2020 (1)}) 15. Nd2 Ndf6 16. f3 {[%emt 0:01:39] White has an edge.} Nxd2 17. Qxd2 Qd6 18. Qf2 Re7 (18... Bd7 $14) 19. h3 (19. e4 $16 {and e5 should not be overlooked} dxe4 20. fxe4 (20. Nxe4 Nxe4 21. fxe4 Be6 $11)) 19... c5 $14 20. Nb5 (20. e4 {keeps more tension.} dxe4 21. fxe4 Qxd4 22. e5) 20... Qb6 21. dxc5 Qxc5 22. Nd4 {[%emt 0:00:45] Against Bf5} Bd7 23. Rc1 Qb6 24. Rc3 Rae8 25. Bb1 a4 26. a3 g6 27. Rfc1 h4 28. Ba2 Re5 29. b4 (29. Qxh4 Rxe3 30. Rc5 Qd6 $17 (30... Qxb2 31. Qxf6 Qxa2 32. Rc7 $11)) 29... Kg7 30. Rd3 (30. Qxh4 $2 Rxe3 31. Rxe3 Rxe3 $19) 30... Qd6 31. Rcc3 (31. Qxh4 Rxe3 32. Rcd1 Rxd3 33. Rxd3 Nh5 $17) 31... Rh8 32. Ne2 Bb5 33. Rd4 (33. Bc4 $5 Bc6 (33... Bxc4 34. Rxc4 Qe7 35. Rcc3 $14) 34. Nd4 $14) 33... Bxe2 34. Qxe2 Rhe8 35. Qd2 (35. Rxh4 Qb6 36. Qb2 Rxe3 37. Rxe3 Rxe3 $17 (37... Qxe3+ $2 38. Kh2 $19)) 35... Qe6 36. Kf2 (36. Rxh4 Rxe3 37. Qxe3 Qxe3+ 38. Rxe3 Rxe3 $17) 36... Qf5 $1 {[%emt 0:00:06] Against Rcd3} 37. Rf4 (37. Rxh4 g5 (37... Ne4+ 38. Rxe4 dxe4 39. f4 $17) 38. Rg4 Ne4+ (38... Nxg4+ 39. hxg4 Qf6 40. Qd4 $15) 39. Rxe4 dxe4 $17) 37... Qg5 38. Kg1 $2 {[%emt 0:02:09][%mdl 8192] [#] White is on the road to losing.} (38. Rd4 $11 {and White is okay.}) 38... Rxe3 $3 $19 39. Rxe3 Qxf4 40. Rd3 Qxd2 41. Rxd2 {[%emt 0:00:01][%mdl 4096] Endgame KRB-KRN. Black is a pawn up.} Re3 42. Bxd5 b6 ({Much less strong is} 42... Rxa3 43. Bxb7 Ra1+ 44. Kf2 $19) 43. Bc4 Rxa3 44. Kf2 Rc3 45. Bb5 a3 46. Ba4 {[%emt 0:00:59] [#]} Nd5 $1 47. Rxd5 {[%emt 0:00:53] KRB-KR} a2 48. Rd1 {[%emt 0:00:06] [#]} Ra3 $1 49. Ra1 (49. Bc6 $142 a1=Q (49... a1=B 50. Rd7 $11) 50. Rxa1 Rxa1 51. Ke3) 49... Rxa4 {[%emt 0:00:03] Black is clearly winning.} 50. Ke3 Kf6 (50... Rxb4 $2 51. Rxa2 Kf6 52. Ra7 $17) 51. Kd3 b5 (51... Rxb4 52. Rxa2 b5 53. Kc3 $15) 52. Ke3 Kf5 {[%emt 0:00:06][%cal Of5e5] aiming for ...Ke5!.} (52... Rxb4 $2 53. Rxa2 Ke5 54. Ra7 $19) 53. Kd4 Rxb4+ 54. Kc3 Ra4 {[%emt 0:41:17] Weighted Error Value: White=0.72/Black=0.22 (precise)   Loses game:     	White=1     	---        Mistake:       	White=2     	Black=1      Inaccurate:     	White=5     	Black=3      OK:         	White=9     	Black=13     Best:        	---       	Black=4      Strong:       	---       	Black=2} (54... Rc4+ $142 55. Kd2 Ra4) 0-1